 Dungeon Crawl Stone Soup version 0.25-a0-62-g88673ef095 (webtiles) character file.

58851 JackS81 the Executioner (level 14, -2/132 HPs)
             Began as a Minotaur Berserker on June 25, 2018.
             Was a High Priest of Trog.
             Killed by divine providence
             ... invoked by an orc priest
              (15 damage)
             ... on level 2 of the Orcish Mines on Oct 30, 2019.
             The game lasted 01:26:50 (15587 turns).

JackS81 the Executioner (Minotaur Berserker)       Turns: 15587, Time: 01:26:51

Health: -2/132     AC: 19    Str: 21    XL:     14   Next: 51%
Magic:  5/5        EV: 24    Int:  7    God:    Trog [*****.]
Gold:   1503       SH:  0    Dex: 21    Spells: 13/13 levels left

rFire    . . .     SeeInvis .   m - +9 executioner's axe (antimagic)
rCold    + . .     Gourm    .   (shield currently unavailable)
rNeg     . . .     Faith    .   C - quicksilver dragon scales
rPois    .         Spirit   .   k - +0 hat {Int+3}
rElec    .         Reflect  .   v - +2 cloak {rC+}
rCorr    .         Harm     .   (no gloves)
MR       ++++.                  l - +2 pair of boots
Stlth    ..........             w - amulet of regeneration
HPRegen  1.72/turn              u - +5 ring of dexterity
MPRegen  0.09/turn              n - +5 ring of evasion

@: confused, regenerating, hasted, very quick
A: retaliatory headbutt, horns 2
a: Berserk, Trog's Hand, Brothers in Arms, Renounce Religion


You were on level 2 of the Orcish Mines.
You worshipped Trog.
Trog was extremely pleased with you.
You were very hungry.

You visited 3 branches of the dungeon, and saw 18 of its levels.
You also visited: Ice Cave.

You collected 1503 gold pieces.

Inventory:

Hand Weapons
 m - a +9 antimagic executioner's axe (weapon)
 D - a +1 demon whip of electrocution
 F - a +1 shortbow of flaming
 S - the +6 falchion of Untimely Demise {slice, rF+ rN+ Int+3}
   (You found it on level 3 of the Lair of Beasts)

   It inflicts extra damage upon your enemies.
   It affects your intelligence (+3).
   It protects you from fire.
   It protects you from negative energy.
 X - a +4 battleaxe of chopping
Missiles
 h - 6 javelins (quivered)
 y - 197 arrows
Armour
 e - a +2 large shield
 k - a +0 hat of intelligence (worn)
 l - a +2 pair of boots (worn)
 v - a +2 cloak of cold resistance (worn)
 C - quicksilver dragon scales (worn)
 I - the cursed +0 leather armour of the Snail {+Inv rCorr Str+3}
   (You found it on level 5 of the Lair of Beasts)

   It affects your strength (+3).
   It lets you turn invisible.
   It provides partial protection from all sources of acid and corrosion.
   It has a curse placed upon it.
 T - a +2 cloak of invisibility
Jewellery
 b - an uncursed ring of protection from magic
 j - a +4 ring of evasion
 n - a +5 ring of evasion (right hand)
 p - an uncursed ring of resist corrosion
 s - an uncursed amulet of the gourmand
 u - a +5 ring of dexterity (left hand)
 w - an amulet of regeneration (around neck)
 E - an uncursed ring of see invisible {unknown}
 M - the ring of Robustness {AC+8}
   (You found it on level 10 of the Dungeon)

   [ring of protection]

   It affects your AC (+8).
 V - a +5 ring of dexterity
Wands
 a - a wand of flame (31)
 i - a wand of acid (6)
 J - a wand of random effects (51)
Scrolls
 d - 12 scrolls of remove curse
 g - 5 scrolls of identify
 o - 7 scrolls of enchant armour
 q - 7 scrolls of teleportation
 A - 4 scrolls of immolation
 B - 2 scrolls of magic mapping
 K - 3 scrolls of noise {unknown}
 P - a scroll of fear
 W - 2 scrolls of enchant weapon {unknown}
Potions
 f - 4 potions of agility
 r - 4 potions of lignification
 t - 6 potions of curing
 x - 5 potions of haste
 L - a potion of invisibility
 N - 5 potions of brilliance
 O - a potion of degeneration {unknown}
 Q - a potion of ambrosia
 R - a potion of heal wounds {unknown}
 U - a potion of flight
 Y - a potion of might
 Z - a potion of berserk rage {unknown}
Comestibles
 c - 36 rations
 z - 10 chunks of flesh


   Skills:
 * Level 14.0 Fighting
 + Level 21.0 Axes
 * Level 8.6 Armour
 * Level 10.0 Dodging
 - Level 2.3 Shields
 * Level 4.9 Evocations


You had 13 spell levels left.
You didn't know any spells.
Your spell library contained the following spells:

 Spells                   Type           Power        Failure   Level  Hunger
 Beastly Appendage        Tmut           #.....       56%         1    ##.....
 Magic Dart               Conj           #...         56%         1    ##.....
 Summon Butterflies       Summ           #.......     56%         1    ##.....
 Blink                    Tloc           N/A          71%         2    ###....
 Call Imp                 Summ           #.......     71%         2    ###....
 Slow                     Hex            #.......     71%         2    ###....
 Sticks to Snakes         Tmut           #.......     71%         2    ###....
 Call Canine Familiar     Summ           #.......     91%         3    ####...
 Conjure Flame            Conj/Fire      #.......     91%         3    ####...
 Mephitic Cloud           Conj/Pois/Air  #.......     91%         3    ####...
 Spider Form              Tmut/Pois      #.........   91%         3    ####...
 Ice Form                 Ice/Tmut       #.......     100%        4    #####..
 Summon Ice Beast         Ice/Summ       #.......     100%        4    #####..
 Blade Hands              Tmut           #.........   100%        5    ######.
 Summon Mana Viper        Hex/Summ       #.......     100%        5    ######.
 Summon Hydra             Summ           #.........   100%        7    #######


Dungeon Overview and Level Annotations

Branches:
Dungeon (10/15)            Temple (0/1) D:7            Lair (6/6) D:8
  Swamp (0/4) Lair:2        Snake (0/4) Lair:2        Slime (0/5) Lair:5
    Orc (2/2) D:10
    Elf: Orc:2

Altars:
Dithmenos
Elyvilon
Fedhas
Kikubaaqudgha
Makhleb
Nemelex Xobeh
Qazlal
Trog
Wu Jian
Xom
Zin
Jiyva

Shops:
D:6 *   D:8 *


Innate Abilities, Weirdness & Mutations

You reflexively headbutt those who attack you in melee.
You have a pair of horns on your head.


Message History

The orc hits you but does no damage.
You feel yourself speed up.
Your two-headed ogre misses the orc knight.
Your two-headed ogre hits the orc knight with a +0 giant spiked club!!
The orc warrior hits your two-headed ogre with a +0 war axe!!
The orc knight hits you with a +1 great sword of freezing!!
* * * LOW HITPOINT WARNING * * *
The orc knight freezes you.
* * * LOW HITPOINT WARNING * * *
Something barely misses your two-headed ogre.
Your two-headed ogre barely misses the orc knight.
Your two-headed ogre hits the orc knight with a +0 giant spiked club!!
The orc knight hits your two-headed ogre with a +0 halberd!!
The orc closely misses you.
You are confused.
You feel invigorated.
The orc warrior hits your two-headed ogre with a +0 war axe!
The orc priest calls down the wrath of Beogh upon you.
Beogh smites you!
You die...

#....................##....
##...#..........#...##.....
##..................# .....
#...................# .....
##..#......................
#..#...............#.
#..#.......).......#
#..#######)).#### ##..#
#[@oo...# #...# #.)#Oo.#..#
##..# #...oo....# #...#
#..)#o..#... ##..#
#...........# .... ##.#
....#..o#.... ####...
####............. #......
#.... ...#... #......
#......


You could see 2 orc knights, an orc warrior, an orc priest, 3 orcs and a
friendly two-headed ogre (berserk).

Vanquished Creatures
  Rupert (Lair:3)
  Gastronok (Lair:3)
  A reaper (IceCv)
  Josephine (D:10)
  A fire dragon (Lair:6)
  7 hydras
  A catoblepas (Lair:6)
  The ghost of anet the Thaumaturge, a journeyman DEWz of Ashenzari (Orc:1)
  A two-headed ogre (D:10)
  The ghost of Zigma the Grappler, a novice DrMo of Dithmenos (D:7)
  A fire crab (Lair:6)
  A swamp dragon (Lair:5)
  An orc knight (Orc:1)
  An orc sorcerer (Orc:1)
  An oklob plant (D:8)
  11 elephants
  2 ice statues (IceCv)
  A black mamba (Lair:6)
  2 molten gargoyles (Lair:6)
  A torpor snail (Lair:2)
  A gargoyle (D:10)
  12 spiny frogs
  2 rime drakes
  12 komodo dragons
  7 ice devils (IceCv)
  2 trolls
  A polar bear (Lair:4)
  Prince Ribbit (D:7)
  6 hippogriffs
  23 dream sheep
  9 blink frogs
  20 yaks
  A vampire (D:10)
  5 wraiths (D:10)
  5 wyverns
  2 steam dragons
  2 hungry ghosts
  8 basilisks
  4 wargs
  4 swamp worms (D:9)
  5 hell hounds (Lair:6)
  7 water moccasins
  2 black bears
  7 porcupines
  An ice beast (D:9)
  17 orc warriors
  2 sky beasts
  3 phantoms
  5 ogres
  42 wolves
  3 centaurs
  17 crocodiles
  2 big kobolds
  10 bullfrogs
  3 scorpions
  5 wights (D:10)
  2 crimson imps
  2 bullfrog zombies (D:5)
  5 lava snakes (Lair:6)
  A quasit (D:8)
  8 hounds
  A centaur skeleton (D:5)
  5 jellies
  A bullfrog skeleton (D:7)
  30 orc priests
  18 orc wizards
  Jessica (D:3)
  12 iguanas
  6 worker ants
  A hound zombie (D:7)
  A worker ant zombie (D:8)
  4 gnolls (D:2)
  2 howler monkey skeletons
  13 adders
  3 shadow imps
  16 white imps
  5 ufetubi (IceCv)
  14 oozes (D:8)
  An adder zombie (D:9)
  8 worms
  4 dart slugs
  4 leopard geckos
  73 orcs
  2 ball pythons
  9 giant cockroaches
  11 goblins
  14 hobgoblins
  14 jackals
  6 quokkas
  5 bats
  3 frilled lizards
  A jackal skeleton (D:4)
  10 kobolds
  A leopard gecko skeleton (D:4)
  7 rats
  3 fungi
  7 plants
630 creatures vanquished.

Vanquished Creatures (collateral kills)
  An orc sorcerer (Orc:2)
  A cyclops (Orc:2)
  A spiny frog (Lair:3)
  A dream sheep (Lair:4)
  An ogre (Orc:2)
  An orc priest (Orc:2)
  An orc wizard (Orc:2)
  3 white imps (Lair:4)
  2 orcs (Orc:2)
12 creatures vanquished.

Vanquished Creatures (others)
  2 white imps (IceCv)
  7 ufetubi (IceCv)
  16 fungi
  13 plants
38 creatures vanquished.

Grand Total: 680 creatures vanquished

Notes
Turn   | Place    | Note
-------+----------+-------------------------------------------
     0 | D:1      | JackS81 the Minotaur Berserker began the quest for the Orb.
     0 | D:1      | Reached XP level 1. HP: 19/19 MP: 0/0
    58 | D:1      | Reached skill level 4 in Axes
    87 | D:1      | Reached XP level 2. HP: 22/26 MP: 1/1
   258 | D:1      | Reached skill level 5 in Axes
   314 | D:1      | Reached XP level 3. HP: 31/31 MP: 2/2
   342 | D:1      | Reached ** piety under Trog
   791 | D:2      | Reached skill level 6 in Axes
   791 | D:2      | Reached XP level 4. HP: 38/39 MP: 3/3
  1061 | D:2      | Found a sparkling altar of Nemelex Xobeh.
  1225 | D:2      | Found a stormy altar of Qazlal.
  1226 | D:2      | Found a glowing silver altar of Zin.
  1292 | D:2      | Reached XP level 5. HP: 45/45 MP: 4/4
  1403 | D:3      | Reached skill level 7 in Axes
  1436 | D:3      | Noticed Jessica
  1440 | D:3      | Killed Jessica
  1456 | D:3      | Reached *** piety under Trog
  1643 | D:3      | Found a bloodstained altar of Trog.
  1911 | D:3      | Found a faded altar of an unknown god.
  1915 | D:3      | Reached XP level 6. HP: 52/52 MP: 5/5
  2070 | D:3      | Reached skill level 8 in Axes
  2313 | D:4      | Received a gift from Trog
  2482 | D:4      | Reached skill level 9 in Axes
  2508 | D:4      | Reached XP level 7. HP: 59/59 MP: 6/6
  2592 | D:4      | Reached skill level 1 in Shields
  2834 | D:5      | Entered Level 5 of the Dungeon
  3079 | D:5      | Found a white marble altar of Elyvilon.
  3150 | D:5      | Reached skill level 10 in Axes
  3206 | D:5      | Reached XP level 8. HP: 63/67 MP: 7/7
  3418 | D:6      | Reached **** piety under Trog
  3430 | D:6      | Found Ibureceh's Assorted Antiques.
  3546 | D:6      | Found a shimmering altar of Xom.
  3660 | D:6      | Received a gift from Trog
  3854 | D:6      | Reached skill level 5 in Fighting
  4416 | D:7      | Reached skill level 11 in Axes
  4563 | D:7      | Found a staircase to the Ecumenical Temple.
  4607 | D:7      | Noticed Prince Ribbit
  4621 | D:7      | Killed Prince Ribbit
  4670 | D:7      | Found a burning altar of Makhleb.
  4708 | D:7      | Found a shadowy altar of Dithmenos.
  4815 | D:7      | Found a bloodstained altar of Trog.
  4880 | D:7      | Noticed Zigma's ghost (novice DrMo)
  4881 | D:7      | Found a runed door.
  4894 | D:7      | Killed Zigma's ghost
  4894 | D:7      | Reached skill level 12 in Axes
  4894 | D:7      | Reached skill level 5 in Dodging
  4894 | D:7      | Reached XP level 9. HP: 75/75 MP: 8/8
  5234 | D:8      | Found a staircase to the Lair.
  5261 | D:8      | Reached skill level 5 in Armour
  5393 | D:8      | Reached skill level 13 in Axes
  5512 | D:8      | Noticed an oklob plant
  5546 | D:8      | Killed an oklob plant
  5827 | D:8      | Found Qicij's Assorted Antiques.
  5898 | D:8      | Reached ***** piety under Trog
  5992 | D:9      | Reached XP level 10. HP: 86/86 MP: 9/9
  6207 | D:9      | Reached skill level 14 in Axes
  6576 | D:9      | Found an ornate altar of the Wu Jian Council.
  6659 | D:9      | Received a gift from Trog
  6718 | D:9      | Found a blossoming altar of Fedhas.
  6720 | D:9      | Found an ancient bone altar of Kikubaaqudgha.
  6993 | Lair:1   | Entered Level 1 of the Lair of Beasts
  7222 | Lair:1   | Reached skill level 15 in Axes
  7402 | Lair:1   | Reached XP level 11. HP: 97/97 MP: 10/10
  7973 | Lair:2   | Reached skill level 16 in Axes
  8019 | Lair:2   | Found a shimmering altar of Xom.
  8302 | Lair:2   | Found a staircase to the Swamp.
  8319 | Lair:2   | Reached skill level 10 in Fighting
  8395 | Lair:2   | Found a staircase to the Snake Pit.
  8644 | Lair:3   | Noticed Gastronok
  8651 | Lair:3   | Killed Gastronok
  8651 | Lair:3   | Reached skill level 17 in Axes
  8711 | Lair:3   | Noticed Rupert
  8730 | Lair:3   | Killed Rupert
  8730 | Lair:3   | Reached skill level 1 in Evocations
  8730 | Lair:3   | Reached XP level 12. HP: 108/108 MP: 11/11
  8961 | Lair:3   | Reached skill level 18 in Axes
  9197 | Lair:3   | Got a fine falchion
  9518 | Lair:3   | Received a gift from Trog
  9943 | Lair:4   | Noticed a four-headed hydra
  9952 | Lair:4   | Killed an eight-headed hydra
 10073 | Lair:4   | Found a frozen archway.
 10109 | Lair:4   | Reached skill level 19 in Axes
 10163 | IceCv    | Entered an ice cave
 10232 | IceCv    | Reached XP level 13. HP: 48/118 MP: 13/13
 10365 | IceCv    | Received a gift from Trog
 10371 | IceCv    | Identified the +6 falchion of Untimely Demise {slice, rF+
                  | rN+ Int+3} (You found it on level 3 of the Lair of Beasts)
 10761 | IceCv    | Noticed a reaper
 10776 | IceCv    | Killed a reaper
 11053 | Lair:4   | Upgraded the game from 0.22-a0-551-g3b2bdd4ba6 to
                  | 0.23-a0-33-g1e3a2e4e2f
 11814 | Lair:5   | Found a viscous altar of Jiyva.
 11816 | Lair:5   | Found a staircase to the Slime Pits.
 12537 | Lair:5   | Got a crude leather armour
 12538 | Lair:5   | Identified the cursed +0 leather armour of the Snail {+Inv
                  | rCorr Str+3} (You found it on level 5 of the Lair of
                  | Beasts)
 12539 | Lair:5   | Upgraded the game from 0.23-a0-33-g1e3a2e4e2f to
                  | 0.25-a0-62-g88673ef095
 12576 | Lair:6   | Entered Level 6 of the Lair of Beasts
 13035 | Lair:6   | Reached skill level 20 in Axes
 13288 | Lair:6   | Noticed a fire dragon
 13291 | Lair:6   | Found a large runed translucent door.
 13324 | Lair:6   | Reached XP level 14. HP: 99/129 MP: 5/16
 13414 | Lair:6   | Found a large runed translucent door.
 14082 | D:10     | Entered Level 10 of the Dungeon
 14155 | D:10     | Noticed Josephine
 14165 | D:10     | Killed Josephine
 14249 | D:10     | Found the ring of Robustness {AC+8}
 14346 | D:10     | Found a staircase to the Orcish Mines.
 14732 | Orc:1    | Entered Level 1 of the Orcish Mines
 15004 | Orc:1    | Received a gift from Trog
 15086 | Orc:1    | Found a runed translucent door.
 15096 | Orc:1    | Noticed anet's ghost (journeyman DEWz)
 15104 | Orc:1    | Killed anet's ghost
 15104 | Orc:1    | Reached skill level 21 in Axes
 15383 | Orc:2    | Entered Level 2 of the Orcish Mines
 15426 | Orc:2    | Reached skill level 10 in Dodging
 15587 | Orc:2    | Killed from afar by an orc priest

Levels and vault maps discovered:
D:1:      dpeg_arrival_three_same_balls
D:2:      nicolae_overflow_hidden_temple, nemelex_altar_shiori, first_ration,
          grunt_decor_arrowhead, kennysheep_generic_room_6
D:3:      chequers_ecumenical_altar_lobes, trog_book, uniq_jessica
D:5:      kennysheep_mini_moat
D:6:      xom_teletrap_fun, serial_shops, nicolae_shop_stone
D:7:      lightli_temple_of_fire, nicolae_overflow_crystal_walls,
          overflow_temple_1_default, minmay_temple_entry_water_ring,
          gammafunk_ghost_grave, uniq_prince_ribbit1
D:8:      lemuel_slime, lair_entry_dummy, serial_shops, shop
D:9:      grunt_temple_overflow_growth_and_decay, lemuel_crystal_altar,
          worms_lemuel
D:10:     layout_roguey, minmay_orc_entry_guard_dogs, uniq_josephine
Lair:1:   beast_lair_carwin_large_4
Lair:2:   swamp_mist, dummy_snake_entry, basic_altar, beast_lair_carwin_6
Lair:3:   grunt_forest_large_clearings, lemuel_fruit_tree, uniq_rupert,
          uniq_gastronok
Lair:4:   portal_ice_cave_entry_imps
Lair:5:   slime_altar_1, serial_forest, infiniplex_forest_end_2,
          infiniplex_forest_lined_3, infiniplex_forest_lined_room_2,
          infiniplex_forest_clump_medium, infiniplex_forest_straight_4,
          infiniplex_forest_corner_1, infiniplex_forest_end_3,
          hibernation_bobbens, lemuel_fruit_fields
Lair:6:   cheibrodos_lair_end_hotspot, layout_loops_ring
Orc:1:    layout_caves, ebering_ghost_reflecting_pool, mines_bat_river
Orc:2:    st_orc_pillars, layout_caves

Skill      XL: |  1  2  3  4  5  6  7  8  9 10 11 12 13 14 |
---------------+-------------------------------------------+-----
Axes           | 4 5 6 7 9 10 12 13 15 17 19 20 21 | 21.0
Fighting       | 4 6 7 9 10 12 13 14 | 14.0
Shields        | 2 |  2.3
Dodging        | 3 5 6 7 8 9 10 | 10.0
Armour         | 4 5 6 7 8 |  8.6
Evocations     | 1 2 4 |  4.9

Action                   |  1- 3 |  4- 6 |  7- 9 | 10-12 | 13-15 || total
-------------------------+-------+-------+-------+-------+-------++-------
Melee: Hand axe          |    69 |   128 |    98 |       |       ||   295
       Headbutt          |    10 |    31 |    56 |   131 |   118 ||   346
       War axe           |       |       |   140 |    87 |       ||   227
       Battleaxe         |       |       |       |   356 |    17 ||   373
       Executioner's axe |       |       |       |       |   414 ||   414
Throw: Javelin           |       |       |     2 |       |     1 ||     3
Invok: Berserk           |       |     2 |     2 |     3 |     9 ||    16
       Trog's Hand       |       |       |     1 |     3 |    13 ||    17
       Brothers in Arms  |       |       |       |     3 |     5 ||     8
 Abil: Evoke Invisibilit |       |       |       |       |     1 ||     1
  Use: Scroll            |     1 |     5 |     1 |     5 |    14 ||    26
       Potion            |       |       |       |       |     8 ||     8
 Stab: Sleeping          |       |     1 |       |     1 |     1 ||     3
       Invisible         |       |       |       |       |     1 ||     1
  Eat: Chunk             |       |     8 |    10 |    18 |    18 ||    54
       Ration            |       |       |     1 |       |     4 ||     5
Armor: Animal skin       |     6 |    16 |     3 |       |       ||    25
       Quicksilver drago |       |       |    50 |    98 |   125 ||   273
Dodge: Dodged            |    51 |    89 |   152 |   379 |   518 ||  1189
Block: Large shield      |       |    13 |    23 |       |       ||    36

Table legend:
 A = Non-vault XP
 B = Vault XP
 C = Vault XP percentage of total XP
 D = Non-vault monster count
 E = Vault monster count
 F = Vault count percentage of total count
                 A         B        C        D         E       F
            +---------+---------+-------+---------+---------+-------
      Total |   71080 |   12994 |  15.5 |     556 |      76 |  12.0
            +---------+---------+-------+---------+---------+-------
        D:1 |      44 |       0 |   0.0 |      23 |       0 |   0.0
        D:2 |     152 |       0 |   0.0 |      32 |       0 |   0.0
        D:3 |     235 |       0 |   0.0 |      31 |       0 |   0.0
        D:4 |     503 |       0 |   0.0 |      21 |       0 |   0.0
        D:5 |     568 |       0 |   0.0 |      21 |       0 |   0.0
        D:6 |     452 |       0 |   0.0 |      15 |       0 |   0.0
        D:7 |    1646 |       0 |   0.0 |      18 |       0 |   0.0
        D:8 |    1901 |       0 |   0.0 |      36 |       0 |   0.0
        D:9 |    2720 |       0 |   0.0 |      33 |       0 |   0.0
       D:10 |    2889 |    2662 |  48.0 |      25 |       9 |  26.5
     Lair:1 |    3226 |       0 |   0.0 |      22 |       0 |   0.0
     Lair:2 |    7485 |       0 |   0.0 |      34 |       0 |   0.0
     Lair:3 |   12716 |       0 |   0.0 |      61 |       0 |   0.0
     Lair:4 |    9043 |       0 |   0.0 |      38 |       0 |   0.0
     Lair:5 |    3046 |       0 |   0.0 |      13 |       0 |   0.0
     Lair:6 |   14901 |    8266 |  35.7 |      43 |      26 |  37.7
      Orc:1 |    3017 |     966 |  24.3 |      43 |       8 |  15.7
      Orc:2 |    1800 |    1100 |  37.9 |      25 |      33 |  56.9
      IceCv |    4736 |       0 |   0.0 |      22 |       0 |   0.0
            +---------+---------+-------+---------+---------+-------
